cohdb
Replays
Latest Replays
All Replays
Popular Replays
Top Player Replays
Match Explorer
How It Works
Community
CoH3 Stats
Reddit
Sign in to upload your games and track your stats! →
Sign in with Steam
Match 39367785
Unlisted
Match 39367785
Overview
Messages
Build Orders
End
Construct Weapon Support Center
Selects Armored Battlegroup
Selects Assault Engineers
Assault Engineer Squad
Assault Engineer Squad
M1919 Machine Gun Team
M1919 Machine Gun Team
Mechanized Support Center
Bazooka Squad
.30 cal Machine Gun
Selects Fast Deploy
M16 Multiple Gun Motor Carriage
Bazooka Squad
Mortar Pit
Mortar Pit
Construct Tank Depot
Selects Field Repairs
M4(105) Sherman Bulldozer
Designate Forward Repair Station
Improvised Armor
Salvage Crew
Assault Engineer Squad
ShoulderGuy
Adult Asthma Is A Choice
Not Emily Willis™
Cameltoe Joe
BazookaJoe
旧时光
한국사람
Tanith's Finest
0
0
Comments
sign in to comment!
No comments posted yet!